 Dungeon Crawl Stone Soup version 0.24.0-37-gcf1ca852f1 (webtiles) character file.

Game seed: 9481979745897623653, levelgen mode: deterministic

4435 Delamore the Severer (level 10, -3/81 HPs)
             Began as a Hill Orc Fighter on Nov 28, 2019.
             Was a Priest of Okawaru.
             Slain by an orc warrior
             ... wielding a cursed -2 halberd
              (10 damage)
             ... on level 9 of the Dungeon.
             The game lasted 00:12:33 (9437 turns).

Delamore the Severer (Hill Orc Fighter)             Turns: 9437, Time: 00:12:33

Health: -3/81      AC:  8    Str: 23    XL:     10   Next: 36%
Magic:  0/10       EV:  8    Int:  8    God:    Okawaru [***...]
Gold:   481        SH:  9    Dex: 13    Spells: 9/9 levels left

rFire    + . .     SeeInvis .   a - +0 war axe
rCold    + . .     Gourm    .   c - +0 shield
rNeg     . . .     Faith    .   K - +0 ring mail "Ykhos" {rF+ rC+ MR+}
rPois    .         Spirit   +   J - +0 helmet
rElec    .         Reflect  .   B - scarf {Spirit}
rCorr    +         Harm     .   (no gloves)
MR       +....                  (no boots)
Stlth    +.........             (no amulet)
HPRegen  0.23/turn              A - ring of resist corrosion
MPRegen  0.12/turn              G - +3 ring of dexterity

@: no status effects
A: slimy green scales 1, frail 1, wild magic 1, evolution 1
a: Heroism, Renounce Religion


You were on level 9 of the Dungeon.
You worshipped Okawaru.
Okawaru was most pleased with you.
You were hungry.

You visited 2 branches of the dungeon, and saw 10 of its levels.

You collected 655 gold pieces.
You spent 174 gold pieces at shops.

Inventory:

Hand Weapons
 a - a +0 war axe (weapon)
Missiles
 t - 19 boomerangs (quivered)
 x - 2 throwing nets
Armour
 c - a +0 shield (worn)
 B - a scarf of spirit shield (worn)
 I - a +0 cloak
 J - a +0 helmet (worn)
 K - the +0 ring mail "Ykhos" (worn) {rF+ rC+ MR+}
   (You found it on level 8 of the Dungeon)

   It protects you from fire.
   It protects you from cold.
   It affects your resistance to hostile enchantments.
Jewellery
 A - a ring of resist corrosion (left hand)
 G - a +3 ring of dexterity (right hand)
Wands
 u - a wand of flame (52)
 C - a wand of polymorph (6)
 D - a wand of iceblast (4)
 H - a wand of disintegration (12)
Scrolls
 e - 3 scrolls of remove curse
 h - 3 scrolls of magic mapping {unknown}
 j - a scroll of blinking {unknown}
 k - 2 scrolls of enchant weapon {unknown}
 m - 4 scrolls of fog
 o - 2 scrolls of amnesia {unknown}
 q - 3 scrolls of teleportation {unknown}
 r - a scroll of fear
 s - a scroll of immolation {unknown}
 v - 2 scrolls of identify
 w - a scroll of torment {unknown}
 y - a scroll of random uselessness {unknown}
 z - 4 scrolls of enchant armour {unknown}
Potions
 b - 2 potions of flight
 d - 2 potions of might
 g - a potion of brilliance
 i - a potion of invisibility
 l - a potion of agility {unknown}
 n - 2 potions of curing
 p - a potion of cancellation
 F - 2 potions of degeneration
Comestibles
 f - 15 rations


   Skills:
 + Level 9.0 Fighting
 + Level 16.1 Axes
 - Level 3.2 Armour
 - Level 3.2 Shields


You had 9 spell levels left.
You didn't know any spells.
Your spell library contained the following spells:

 Spells                   Type           Power        Failure   Level  Hunger
 Animate Skeleton         Necr           N/A          98%         1    ##.....
 Apportation              Tloc           #.....       98%         1    ##.....
 Confusing Touch          Hex            #.....       98%         1    ##.....
 Summon Small Mammal      Summ           #...         98%         1    ##.....


Dungeon Overview and Level Annotations

Branches:
Dungeon (9/15)             Temple (1/1) D:5
   Lair: D:8-11         Orc: D:9-12

Altars:
Ashenzari
Cheibriados
Dithmenos
Elyvilon
Fedhas
Gozag
Hepliaklqana
Kikubaaqudgha
Makhleb
Nemelex Xobeh
Okawaru
Qazlal
Ru
Sif Muna
Trog
Uskayaw
Vehumet
Wu Jian
Xom
Yredelemnul
Zin
The Shining One

Shops:
D:4 ?   D:9 *

Annotations:
D:6 1 runed translucent door, Crazy Yiuf


Innate Abilities, Weirdness & Mutations

You are partially covered in slimy green scales. (AC +2)
You are frail. (-10% HP)
Your spells are a little harder to cast, but a little more powerful.
You evolve.


Message History

You slash the orc warrior!
The orc warrior is heavily wounded.
The orc warrior hits you with a cursed -2 halberd!!
* * * LOW HITPOINT WARNING * * *
You hit the orc warrior but do no damage.
The orc warrior is heavily wounded.
You barely miss the orc warrior.
The orc warrior is heavily wounded.
The orc warrior hits you with a cursed -2 halberd!
* * * LOW HITPOINT WARNING * * *
You hit the orc warrior but do no damage.
The orc warrior is heavily wounded.
You slash the orc warrior!
The orc warrior is severely wounded.
The orc warrior hits you with a cursed -2 halberd.
* * * LOW HITPOINT WARNING * * *
You hit the orc warrior but do no damage.
The orc warrior is severely wounded.
The orc warrior hits you with a cursed -2 halberd!
You die...

#######################
......................#
...#...####..####.....#
...#...# #..# .....
.......####..####..##.#
..............<)......#
...##########+#(@.....#
...# #.o).?..# ...#
+.......# ...+
#.####..# ...# #.# .#
...# #.# # ...# #.. ###


You could see an orc warrior.

Vanquished Creatures
  A komodo dragon (D:8)
  A troll (D:8)
  Grinder (D:5)
  Edmund (D:5)
  A water moccasin (D:8)
  4 ice beasts
  An orc warrior (D:8)
  A sky beast (D:8)
  3 ogres
  2 necrophages
  5 centaurs
  A big kobold (D:7)
  4 bullfrogs
  4 scorpions
  6 killer bees (D:8)
  2 howler monkeys (D:8)
  3 wights (D:7)
  A bullfrog zombie (D:5)
  3 jellies
  A centaur zombie (D:4)
  2 bullfrog skeletons
  2 orc priests
  4 hounds
  2 centaur skeletons
  8 worker ants
  Natasha (twice) (D:3)
  4 orc wizards
  2 hound skeletons
  A howler monkey zombie (D:6)
  3 worker ant zombies
  4 gnolls (D:3)
  11 adders
  4 shadow imps
  An adder zombie (D:6)
  2 adder skeletons (D:4)
  A worm (D:2)
  3 dart slugs
  4 leopard geckos
  25 orcs
  A ball python (D:4)
  5 bats
  9 giant cockroaches
  11 goblins
  13 hobgoblins
  10 jackals
  A quokka (D:8)
  3 frilled lizards
  20 kobolds
  12 rats
  A fungus (D:3)
217 creatures vanquished.

Vanquished Creatures (others)
  A bush (D:6)
  4 toadstools (D:3)
5 creatures vanquished.

Grand Total: 222 creatures vanquished

Notes
Turn   | Place    | Note
-------+----------+-------------------------------------------
     0 | D:1      | Delamore the Hill Orc Fighter began the quest for the Orb.
     0 | D:1      | Reached XP level 1. HP: 19/19 MP: 1/1
    16 | D:1      | Reached skill level 3 in Axes
    29 | D:1      | Reached XP level 2. HP: 19/26 MP: 2/2
    60 | D:1      | Reached skill level 4 in Axes
   229 | D:1      | Reached XP level 3. HP: 31/31 MP: 3/3
   377 | D:1      | Reached skill level 5 in Axes
   668 | D:2      | Found a sacrificial altar of Ru.
   799 | D:2      | Reached XP level 4. HP: 39/39 MP: 4/4
   818 | D:2      | Found a sparkling altar of Nemelex Xobeh.
  1112 | D:2      | Reached skill level 6 in Axes
  1252 | D:2      | Found a hide-covered altar of Uskayaw.
  1253 | D:2      | Found a white marble altar of Elyvilon.
  1582 | D:3      | Reached XP level 5. HP: 45/45 MP: 5/5
  1680 | D:3      | Found a burning altar of Makhleb.
  1680 | D:3      | Noticed a balrug
  1683 | D:3      | Noticed a smoke demon
  1683 | D:3      | Noticed a smoke demon
  1709 | D:3      | Reached skill level 7 in Axes
  1856 | D:3      | Noticed Natasha
  1865 | D:3      | Killed Natasha
  2056 | D:3      | Reached skill level 8 in Axes
  2056 | D:3      | Reached XP level 6. HP: 30/51 MP: 6/6
  2243 | D:3      | Found a shattered altar of Ashenzari.
  2370 | D:3      | Noticed Natasha
  2378 | D:3      | Killed Natasha
  2479 | D:4      | Found Ynyonir's Magic Scroll Shoppe.
  2483 | D:4      | Bought a scroll of remove curse for 42 gold pieces
  2483 | D:4      | Bought a scroll of fear for 49 gold pieces
  2483 | D:4      | Bought a scroll of fog for 28 gold pieces
  2483 | D:4      | Bought a scroll of identify for 28 gold pieces
  2531 | D:4      | Reached skill level 9 in Axes
  2609 | D:4      | Found a blossoming altar of Fedhas.
  2720 | D:4      | Gained mutation: You evolve. [potion of mutation]
  2720 | D:4      | Gained mutation: You are partially covered in slimy green
                  | scales. (AC +2) [potion of mutation]
  2761 | D:4      | Found an opulent altar of Gozag.
  2768 | D:4      | Reached XP level 7. HP: 57/57 MP: 7/7
  2801 | D:4      | Reached skill level 10 in Axes
  2925 | D:4      | Found a radiant altar of Vehumet.
  3049 | D:5      | Entered Level 5 of the Dungeon
  3334 | D:5      | Reached skill level 11 in Axes
  3407 | D:5      | Gained mutation: Your spells are a little harder to cast,
                  | but a little more powerful. [evolution]
  3475 | D:4      | Reached XP level 8. HP: 61/64 MP: 8/8
  3669 | D:4      | Reached skill level 12 in Axes
  4110 | D:5      | Found a staircase to the Ecumenical Temple.
  4162 | Temple   | Entered the Ecumenical Temple
  4350 | Temple   | Became a worshipper of Warmaster Okawaru
  4558 | D:5      | Found an ancient bone altar of Kikubaaqudgha.
  4666 | D:5      | Found a bloodstained altar of Trog.
  4666 | D:5      | You fall into a shaft and drop 2 floors!
  4882 | D:7      | Reached skill level 13 in Axes
  5168 | D:7      | Reached * piety under Okawaru
  5344 | D:7      | Reached skill level 14 in Axes
  5344 | D:7      | Reached XP level 9. HP: 64/70 MP: 9/9
  5358 | D:7      | Gained mutation: You are frail. (-10% HP) [evolution]
  6208 | D:6      | Noticed Grinder
  6208 | D:6      | Noticed Edmund
  6223 | D:5      | Killed Grinder
  6223 | D:5      | Reached skill level 5 in Fighting
  6234 | D:5      | Killed Edmund
  6619 | D:6      | Found a runed translucent door.
  6620 | D:6      | Noticed Crazy Yiuf
  6922 | D:6      | Found an ornate altar of the Wu Jian Council.
  7049 | D:6      | Found a bloodstained altar of Trog.
  7343 | D:8      | Noticed a komodo dragon
  7355 | D:8      | HP: 1/67 [komodo dragon (20)]
  7364 | D:8      | Killed a komodo dragon
  7364 | D:8      | Reached ** piety under Okawaru
  7364 | D:8      | Reached skill level 15 in Axes
  7643 | D:8      | Noticed a troll
  7664 | D:8      | Killed a troll
  7956 | D:8      | Reached XP level 10. HP: 74/77 MP: 10/10
  8371 | D:8      | Reached *** piety under Okawaru
  8375 | D:8      | Got a spiked ring mail
  8386 | D:8      | Identified the +0 ring mail "Ykhos" {rF+ rC+ MR+} (You
                  | found it on level 8 of the Dungeon)
  8577 | D:8      | Reached skill level 16 in Axes
  8743 | D:8      | Found an ornate altar of the Wu Jian Council.
  9082 | D:9      | Found Ovuimp's Assorted Antiques.
  9095 | D:9      | Bought a green potion for 27 gold pieces
  9437 | D:9      | Slain by an orc warrior

Levels and vault maps discovered:
D:1:      mrwooster_arrival_statue_2, layout_rooms, minivault_5, st_stairs_10
D:2:      layout_basic, nemelex_xobeh_ov_fountains_minmay,
          gammafunk_temple_overflow_statue, first_ration,
          minmay_misc_feat_tower, hangedman_ru_absence
D:3:      layout_basic, makhleb_altar_promises_db,
          ashenzari_conservatory_becter, minmay_gold_behind_fungi, uniq_natasha
D:4:      layout_basic, old_standard_altar, vehumet_altar_wand_db, serial_shops,
          shop, grunt_gozag_statues
D:5:      layout_cave_pools, nicolae_overflow_hidden_temple,
          minmay_temple_entry_trees, grunt_ministairs_1, trog_hazing_becter
D:6:      layout_loops_ring, old_standard_altar, lemuel_round_altar,
          minivault_27, kennysheep_nondescript, kb_lookout_dungeons_type,
          hangedman_abyss_or_decor_passed, uniq_crazy_yiuf_cottage,
          uniq_grinder, uniq_edmund
D:7:      layout_basic
D:8:      layout_loops_corners, basic_altar
D:9:      layout_stronghold, serial_shops, shop_fountains
Temple:   minmay_temple_bridge_abc

Skill      XL: |  1  2  3  4  5  6  7  8  9 10 |
---------------+-------------------------------+-----
Axes           | 3 4 5 6 8 9 11 14 15 16 | 16.1
Fighting       | 7 9 |  9.0
Armour         | |  3.2
Shields        | |  3.2

Action                   |  1- 3 |  4- 6 |  7- 9 | 10-12 || total
-------------------------+-------+-------+-------+-------++-------
Melee: War axe           |    97 |   221 |   313 |   126 ||   757
Invok: Heroism           |       |       |     1 |       ||     1
  Use: Scroll            |       |     4 |     1 |     5 ||    10
       Potion            |       |     1 |     2 |       ||     3
  Eat: Chunk             |       |     7 |    15 |     5 ||    27
Armor: Scale mail        |    46 |    85 |   138 |    13 ||   282
       Chain mail        |       |       |     5 |       ||     5
       Ring mail         |       |       |       |    14 ||    14
Dodge: Dodged            |    27 |    51 |   100 |    23 ||   201
Block: Shield            |    40 |   115 |   153 |    51 ||   359
